 Dungeon Crawl Stone Soup version 0.21.1-1-g345015fe64 (webtiles) character file.

5905 KleinerIrrer the Fighter (level 10, -6/106 HPs)
             Began as a Troll Hunter on Mar 17, 2018.
             Was a Priest of Cheibriados.
             Mangled by a two-headed ogre
             ... wielding a +0 giant club
              (23 damage)
             ... on level 8 of the Dungeon.
             The game lasted 00:27:17 (8150 turns).

KleinerIrrer the Fighter (Troll Hunter)             Turns: 8150, Time: 00:27:18

Health: -6/106     AC:  7    Str: 35    XL:     10   Next: 53%
Magic:  9/9        EV: 19    Int: 15    God:    Cheibriados [***...]
Gold:   490        SH:  0    Dex: 24    Spells: 9/9 levels left

rFire    . . .     SeeInvis +   W - +0 battleaxe
rCold    . . .     Gourm    +   (shield currently unavailable)
rNeg     + . .     Faith    .   K - +1 robe of the Lonely Moons {Dex+3 SInv}
rPois    .         Spirit   .   (helmet restricted)
rElec    .         Reflect  .   C - +0 cloak (curse)
rCorr    .         Harm     .   (gloves unavailable)
MR       .....                  (boots unavailable)
Stlth    ++........             v - amulet of magic regeneration
HPRegen  0.67/turn              M - +4 ring of evasion
MPRegen  0.36/turn              N - ring of positive energy

@: mighty, very slow
A: large, unfitting armour, claws 3, fast metabolism 3, gourmand, regeneration
1, shaggy fur 1, tough skin 2
a: Bend Time, Temporal Distortion, Renounce Religion


You were on level 8 of the Dungeon.
You worshipped Cheibriados.
Cheibriados was most pleased with you.
You were completely stuffed.

You visited 2 branches of the dungeon, and saw 9 of its levels.
You also visited: Sewer and Ossuary.

You collected 490 gold pieces.

Inventory:

Hand Weapons
 a - a +0 short sword
 c - a +0 blowgun
 i - a +0 dagger of venom
 p - a +0 mace of crushing
 u - a +1 dagger of protection
 D - a +2 trident of venom
 W - a +0 battleaxe (weapon)
Missiles
 d - 58 poisoned needles
 L - 2 large rocks (quivered)
 U - 5 needles of sleeping
Armour
 b - a +0 robe
 C - a cursed +0 cloak (worn)
 K - the +1 robe of the Lonely Moons (worn) {Dex+3 SInv}
   (You found it on level 5 of the Dungeon)

   It affects your dexterity (+3).
   It lets you see invisible.
Jewellery
 v - an amulet of magic regeneration (around neck)
 M - a +4 ring of evasion (left claw)
 N - a ring of positive energy (right claw)
 Q - an uncursed ring of wizardry {unknown}
 S - an uncursed ring of fire {unknown}
 T - an uncursed ring of protection from magic {unknown}
Wands
 n - a wand of flame (39)
 H - a wand of disintegration (15)
Scrolls
 g - 2 scrolls of blinking {unknown}
 h - a scroll of fear {unknown}
 j - 7 scrolls of immolation {unknown}
 k - 6 scrolls of teleportation {unknown}
 l - 5 scrolls of amnesia {unknown}
 o - a scroll of remove curse {unknown}
 q - 2 scrolls of random uselessness {unknown}
 y - a scroll of fog {unknown}
 E - a scroll of noise {unknown}
 F - 2 scrolls of enchant weapon {unknown}
 J - 7 scrolls of identify
 O - a scroll of vulnerability {unknown}
 R - a scroll of magic mapping {unknown}
Potions
 e - 3 potions of heal wounds
 m - a potion of agility
 r - 4 potions of lignification
 s - 5 potions of curing
 t - a potion of might
 w - a potion of magic
 x - 3 potions of brilliance
 B - 2 potions of haste
 G - a potion of invisibility {unknown}
 I - 2 potions of flight {unknown}
 P - 2 potions of resistance {unknown}
 V - a potion of degeneration {unknown}
Books
 A - a book of Frost

   Spells                             Type                      Level
   a - Freeze                         Ice                          1
   b - Throw Frost                    Conjuration/Ice              2
   c - Ozocubu's Armour               Charms/Ice                   3
   d - Throw Icicle                   Conjuration/Ice              4
   e - Summon Ice Beast               Ice/Summoning                4
Comestibles
 f - 15 rations
 z - a chunk of flesh


   Skills:
 + Level 8.8 Fighting
 - Level 0.2 Short Blades
 + Level 3.0(3.6) Axes
 - Level 3.0(3.6) Polearms
 + Level 8.0 Throwing
 + Level 6.4 Dodging
 - Level 0.4 Stealth


You had 9 spell levels left.
You didn't know any spells.

Dungeon Overview and Level Annotations

Branches:
Dungeon (8/15)             Temple (1/1) D:6            Lair (0/6) D:8

Altars:
Ashenzari
Cheibriados
Elyvilon
Fedhas
Gozag
Kikubaaqudgha
Makhleb
Qazlal
Ru
Sif Muna
Uskayaw
Wu Jian
Xom
Zin
The Shining One


Innate Abilities, Weirdness & Mutations

You are too large for most types of armour.
You have claws for hands.
Your metabolism is lightning-fast.
You like to eat raw meat.
Your natural rate of healing is unusually fast.
You are covered in fur. (AC +1)
You have very tough skin. (AC +2)


Message History

The wyvern bites you. The wyvern misses you.
You closely miss the wyvern. The wyvern closely misses you.
The wyvern completely misses you.
You slash the wyvern!
The wyvern is heavily wounded.
The wyvern closely misses you. x2; The wyvern bites you!
* * * LOW HITPOINT WARNING * * *
You feel very mighty all of a sudden. The wyvern misses you.
You hit the wyvern.
The wyvern is heavily wounded.
The wyvern bites you!
* * * LOW HITPOINT WARNING * * *
The wyvern misses you.
You slice the wyvern!!
You kill the wyvern!
Cheibriados thoroughly appreciates the change of pace.
Your Axes skill increases to level 3!
The two-headed ogre hits you with a giant club!!
You die...

####.....
#<..?
#........
....
#........
...#
###...... ...
###.... ..
###.. .## ###
#O# ##. #@##
#.. #..# ###
... ##.###.#
.# #.#...## #
#......#
###......# #
##........#
### #
##.........#
#.####
##..........#
##..##.


You could see a two-headed ogre.

Vanquished Creatures
  A two-headed ogre (D:8)
  The ghost of Norrik the Carver, a novice MiFi of Okawaru (D:7)
  The ghost of KleinerIrrer the Skirmisher, a novice GnAK of Lugonu (D:5)
  A hippogriff (D:7)
  Sigmund (D:3)
  A wraith (Ossuary)
  A wyvern (D:8)
  Eustachio (D:5)
  The ghost of DildoBatman the Sneak, an amateur FoEn (D:3)
  Duvessa (D:5)
  2 porcupines (D:8)
  2 black bears (D:8)
  An orc warrior (D:8)
  2 ice beasts
  2 phantoms (D:6)
  A sky beast (D:6)
  4 ogres
  7 bullfrogs
  Dowan (D:5)
  3 scorpions
  5 wights (D:7)
  2 howler monkeys (D:8)
  2 crimson imps
  A jelly (D:7)
  2 human zombies (Ossuary)
  8 hounds
  3 orc priests
  7 orc wizards
  A bullfrog skeleton (D:7)
  Terence (D:2)
  5 worker ants
  A killer bee zombie (D:7)
  A hound zombie (D:6)
  3 mummies (Ossuary)
  A worker ant zombie (D:7)
  4 gnolls (D:3)
  3 howler monkey skeletons
  11 adders
  An ooze (D:1)
  An adder zombie (D:6)
  2 adder skeletons
  A worm (D:4)
  A dart slug (D:1)
  4 leopard geckos
  16 orcs
  5 bats
  5 giant cockroaches
  7 hobgoblins
  9 jackals
  7 quokkas
  8 ball pythons
  3 frilled lizards (Sewer)
  6 goblins
  2 goblin zombies (Ossuary)
  3 hobgoblin zombies (Ossuary)
  A jackal skeleton (D:4)
  17 kobolds
  A kobold zombie (Ossuary)
  A leopard gecko zombie (D:3)
  4 rats
201 creatures vanquished.

Notes
Turn   | Place    | Note
-------+----------+-------------------------------------------
     0 | D:1      | KleinerIrrer the Troll Hunter began the quest for the Orb.
     0 | D:1      | Reached XP level 1. HP: 19/19 MP: 0/0
   266 | D:1      | Reached XP level 2. HP: 27/27 MP: 1/1
   728 | D:2      | Noticed Terence
   736 | D:2      | Killed Terence
   736 | D:2      | Reached XP level 3. HP: 23/33 MP: 2/2
  1189 | D:2      | Reached XP level 4. HP: 41/42 MP: 3/3
  1396 | D:3      | Reached skill level 5 in Throwing
  1556 | D:3      | Noticed DildoBatman's ghost (amateur FoEn)
  1594 | D:3      | Killed DildoBatman's ghost
  1594 | D:3      | Reached XP level 5. HP: 49/49 MP: 4/4
  1623 | D:3      | Found a blossoming altar of Fedhas.
  1626 | D:3      | Noticed Sigmund
  1836 | D:3      | Killed Sigmund
  1836 | D:3      | Reached XP level 6. HP: 50/59 MP: 5/5
  1894 | D:3      | Found a glowing drain.
  1921 | Sewer    | Entered a sewer
  3339 | D:4      | Reached XP level 7. HP: 67/67 MP: 6/6
  3410 | D:4      | Found an ornate altar of the Wu Jian Council.
  3885 | D:4      | Found a hide-covered altar of Uskayaw.
  3885 | D:4      | Found a glowing silver altar of Zin.
  4163 | D:5      | Entered Level 5 of the Dungeon
  4203 | D:5      | Noticed KleinerIrrer's ghost (novice GnAK)
  4534 | D:5      | Reached skill level 1 in Polearms
  4604 | D:5      | Found an opulent altar of Gozag.
  4605 | D:5      | Noticed Eustachio
  4624 | D:5      | Killed Eustachio
  4624 | D:5      | Reached XP level 8. HP: 64/79 MP: 7/7
  4730 | D:5      | Killed KleinerIrrer's ghost
  4927 | D:5      | Noticed Duvessa
  4929 | D:5      | Noticed Dowan
  4930 | D:5      | Killed Duvessa
  4930 | D:5      | Reached skill level 5 in Fighting
  4952 | D:5      | Killed Dowan
  4964 | D:5      | Got a shimmering robe
  5007 | D:5      | Identified the +1 robe of the Lonely Moons {Dex+3 SInv} (You found it on level 5 of the Dungeon)
  5233 | D:6      | Found a staircase to the Ecumenical Temple.
  5243 | Temple   | Entered the Ecumenical Temple
  5314 | Temple   | Became a worshipper of Cheibriados the Contemplative
  5495 | D:6      | Reached XP level 9. HP: 89/89 MP: 8/8
  5622 | D:6      | Found a sacrificial altar of Ru.
  5771 | D:7      | Noticed Norrik's ghost (novice MiFi)
  5778 | D:7      | Killed Norrik's ghost
  5778 | D:7      | Reached skill level 5 in Dodging
  5848 | D:7      | Reached * piety under Cheibriados
  6050 | D:7      | Found a sand-covered staircase.
  6060 | Ossuary  | Entered an ossuary
  6701 | D:7      | Reached ** piety under Cheibriados
  7423 | D:8      | Noticed a two-headed ogre
  7426 | D:8      | Reached XP level 10. HP: 104/104 MP: 9/9
  7431 | D:8      | Killed a two-headed ogre
  7573 | D:8      | Reached *** piety under Cheibriados
  7577 | D:8      | Reached skill level 1 in Axes
  7685 | D:8      | Found a staircase to the Lair.
  8111 | D:8      | Noticed a two-headed ogre
  8150 | D:8      | Mangled by a two-headed ogre

Skill      XL: |  1  2  3  4  5  6  7  8  9 10 |
---------------+-------------------------------+-----
Throwing       | 4 5 6 7 8 |  8.0
Fighting       | 2 3 4 5 8 |  8.8
Dodging        | 2 3 4 5 6 |  6.4
Polearms       | 1 3 |  3.0
Axes           | 3 |  3.0
Short Blades   | |  0.2
Stealth        | |  0.4

Action                   |  1- 3 |  4- 6 |  7- 9 | 10-12 || total
-------------------------+-------+-------+-------+-------++-------
Melee: Dagger            |    62 |   196 |    25 |       ||   283
       Short sword       |     7 |       |       |       ||     7
       Trident           |       |       |   373 |     5 ||   378
       Battleaxe         |       |       |       |    81 ||    81
 Fire: Blowgun           |       |    15 |       |       ||    15
Throw: Large rock        |     9 |    15 |    46 |     9 ||    79
       Throwing net      |       |     2 |     5 |       ||     7
  Use: Scroll            |       |       |     8 |       ||     8
       Potion            |       |       |     3 |     1 ||     4
 Stab: Sleeping          |     2 |     1 |     5 |       ||     8
       Distracted        |       |       |     1 |       ||     1
  Eat: Chunk             |    11 |    15 |    38 |     5 ||    69
       Ration            |     1 |     1 |       |       ||     2
Armor: Robe              |    15 |    77 |   122 |    19 ||   233
Dodge: Dodged            |    35 |   106 |   432 |   164 ||   737
